AoeStats
← Swiddy

Arabia

510624451Analyzed
1v1 RM · 1d ago on Oct 1, 2026· 23m 49s· 2 players
Game mode
Random Map
Map size
Tiny (2 player)
Population
200
Speed
Normal
Resources
Standard
Victory
Conquest
Starting age
Dark Age
Ending age
Imperial Age
RankedLock teamsTeams togetherTeam positionsShared explorationLock speedFull tech treeHidden civsTurbo modeCheats
Victory
Defeat
🇺🇸 Khmer · United States
1307
+12
🇺🇸 Saracens · United States
1220
-12
Swiddy
7:35 Loom
10:33 Feudal Age
13:38 Castle Age
11:56 Double-Bit Axe
15:51 Scale Barding Armor
22:02 Chain Barding Armor
raw tomato juice enjoyer
7:29 Loom
10:06 Feudal Age
11:21 Double-Bit Axe
11:56 Horse Collar
15:41 Wheelbarrow
19:18 Castle Age
18:51 Scale Barding Armor
18:58 Bloodlines
Connection lost

Rejoining the realm…

Still unreachable

The connection could not be restored.

Session expired

The server has moved on; the page needs a fresh start.